 Dungeon Crawl Stone Soup version 0.25.1-2-g60ff931df9 (webtiles) character file.

Game seed: 2938395375618171349

61 Lazav66 the Twirler (level 3, 0/31 HPs)
             Began as a Minotaur Gladiator on Oct 15, 2020.
             Shot with a stone by a goblin (1 damage)
             ... on level 2 of the Dungeon.
             The game lasted 00:01:36 (1260 turns).

Lazav66 the Twirler (Minotaur Gladiator)            Turns: 1260, Time: 00:01:36

Health: 0/31       AC:  3    Str: 18    XL:     3   Next: 83%
Magic:  2/2        EV: 13    Int:  5    God:
Gold:   96         SH:  0    Dex: 12    Spells: 2/2 levels left

rFire    . . .     SeeInvis .   a - +0 quarterstaff
rCold    . . .     Gourm    .   (shield currently unavailable)
rNeg     . . .     Faith    .   b - +0 leather armour
rPois    .         Spirit   .   c - +0 hat
rElec    .         Reflect  .   (no cloak)
rCorr    .         Harm     .   (no gloves)
MR       .....                  (no boots)
Stlth    +.........             (no amulet)
HPRegen  0.10/turn              (no ring)
MPRegen  0.08/turn              (no ring)

@: no status effects
A: retaliatory headbutt, horns 2
a: no special abilities


You were on level 2 of the Dungeon.
You were not hungry.

You visited 1 branch of the dungeon, and saw 2 of its levels.

You collected 96 gold pieces.

Inventory:

Hand Weapons
 a - a +0 quarterstaff (weapon)
Missiles
 d - 3 throwing nets (quivered)
Armour
 b - a +0 leather armour (worn)
 c - a +0 hat (worn)
Jewellery
 j - an uncursed ring of flight {unknown}
Scrolls
 g - a scroll of enchant weapon {unknown}
 i - a scroll of noise {unknown}
Potions
 e - a potion of heal wounds {unknown}
 h - a potion of cancellation {unknown}
 l - a potion of curing {unknown}
Comestibles
 f - 3 rations
 k - 7 chunks of flesh


   Skills:
 + Level 3.1 Fighting
 * Level 4.5 Staves
 - Level 2.0 Throwing
 + Level 1.6 Armour
 + Level 3.8 Dodging


You had 2 spell levels left.
You didn't know any spells.
Your spell library was empty.

Dungeon Overview and Level Annotations

Branches:
Dungeon (2/15)

Altars:


Innate Abilities, Weirdness & Mutations

You reflexively headbutt those who attack you in melee.
You have a pair of horns on your head.


Message History

You see here a stone.
The bat barely misses you. The bat closely misses you. You furiously retaliate!
You headbutt the bat!
You kill the bat!
You see here a goblin skeleton.
There is an open door here.
A jackal comes into view.
The jackal barely misses you.
You sock the jackal!
You kill the jackal!
You see here a jackal corpse.
You butcher the jackal corpse.
k - 7 chunks of flesh (gained 2)
You see here a jackal skeleton.
The goblin shoots a stone.
The stone hits you.
* * * LOW HITPOINT WARNING * * *
A jackal comes into view.
You see here a stone.
The goblin shoots a stone.
The stone hits you.
You die...

#..#.##...#.......#'≈†≈≈ ..
#..#.#.......##.#..†♣≈≈≈ # #.
#..#.#......g...#....≈≈≈ #.#.
####.##.....######....≈≈
#.#.######.......÷# .. '.....♣
#............)....#.####.....$
#......h.....#...PP..# #......
#...........#.(P.≈.P..##......
#....÷......#@.≈≈.≈≈≈###......
#...........'.P≈≈≈.≈≈♣
#...........#.PP≈≈≈≈≈.#
###+#..#'####..≈≈≈≈≈≈.#
#.##.#.# #..≈≈≈≈≈≈.# #......#
#.♣≈≈≈≈≈≈.#
########.######..♣≈≈≈.≈#
..............#.. ≈.≈≈≈♣
...........##.#.. ≈≈≈


You could see a goblin.

Vanquished Creatures
  4 adders (D:2)
  A worm (D:2)
  A dart slug (D:1)
  A giant cockroach (D:1)
  3 goblins
  A hobgoblin (D:2)
  A jackal (D:2)
  2 kobolds
  4 bats (D:2)
  2 frilled lizards (D:2)
  2 rats (D:1)
22 creatures vanquished.

Vanquished Creatures (others)
  A plant (D:2)
1 creature vanquished.

Grand Total: 23 creatures vanquished

Notes
Turn   | Place    | Note
-------+----------+-------------------------------------------
     0 | D:1      | Lazav66 the Minotaur Gladiator began the quest for the Orb.
     0 | D:1      | Reached XP level 1. HP: 18/18 MP: 0/0
   659 | D:1      | Reached XP level 2. HP: 25/25 MP: 1/1
   750 | D:2      | Reached skill level 4 in Staves
   750 | D:2      | Reached skill level 1 in Armour
   770 | D:2      | Reached XP level 3. HP: 16/30 MP: 2/2
  1259 | D:2      | HP: 1/31 [goblin/stone (5)]
  1260 | D:2      | Shot with a stone by a goblin

Illustrated notes

Levels and vault maps discovered:
D:1:      dpeg_arrival_three_same_balls, layout_basic
D:2:      layout_basic, zin_scriptorium, serial_bayou, serial_bayou_pond_b,
          serial_bayou_pond_c, serial_bayou_pond_b, serial_bayou_lagoon_b,
          uniq_natasha

Skill      XL: |  1  2  3 |
---------------+----------+-----
Staves         | 4 |  4.5
Armour         | 1 |  1.6
Fighting       | 3 |  3.1
Throwing       | |  2.0
Dodging        | |  3.8

Action                   || total
-------------------------++-------
Melee: Quarterstaff      ||    48
       Headbutt          ||     6
  Eat: Chunk             ||     1
Armor: Leather armour    ||     8
Dodge: Dodged            ||    48
